 Dungeon Crawl Stone Soup version 0.28-a0-803-g74956062c1 (webtiles) character file.

Game seed: 5650201411960742175

116 Decritt the Magician (level 4, 0/25 HPs)
             Began as a Deep Elf Conjurer on Nov 7, 2021.
             Slain by a black bear (2 damage)
             ... on level 3 of the Dungeon.
             The game lasted 00:08:31 (2415 turns).

Decritt the Magician (Deep Elf Conjurer)            Turns: 2415, Time: 00:08:31

Health: 0/25       AC:  4    Str:  4    XL:     4   Next: 70%
Magic:  4/13       EV: 11    Int: 24    God:
Gold:   73         SH:  0    Dex: 13    Spells: 10/13 levels left

rFire   + . .      SeeInvis .   j - +1 dagger (flame)
rCold   . . .      Faith    .   (no shield)
rNeg    . . .      Spirit   .   o - +0 leather armour
rPois   .          Reflect  .   (no helmet)
rElec   .          Harm     .   m - +0 cloak
rCorr   .          Rampage  .   (no gloves)
Will    .....                   (no boots)
Stlth   ++........              (no amulet)
HPRegen 0.08/turn               d - ring of protection from fire
MPRegen 0.13/turn               (no ring)

@: no status effects
A: no striking features
a: no special abilities


You were on level 3 of the Dungeon.
You visited 1 branch of the dungeon, and saw 3 of its levels.

You collected 73 gold pieces.

Inventory:

Hand Weapons
 j - a +1 dagger of flaming (weapon)
Missiles
 b - 12 poisoned darts (quivered)
Armour
 m - a +0 cloak (worn)
 o - a +0 leather armour (worn)
Jewellery
 d - a ring of protection from fire (left hand)
Scrolls
 c - a scroll of enchant armour {unknown}
 g - a scroll of noise {unknown}
 h - a scroll of fear {unknown}
 k - a scroll of brand weapon {unknown}
 l - a scroll of teleportation {unknown}
Potions
 e - a potion of haste {unknown}
 f - a potion of brilliance {unknown}
 i - 2 potions of flight {unknown}
 n - a potion of degeneration {unknown}


   Skills:
 * Level 1.4 Fighting
 - Level 3.0 Dodging
 - Level 2.4 Stealth
 + Level 5.1 Spellcasting
 + Level 5.0 Conjurations


You had 10 spell levels left.
You knew the following spells:

 Your Spells              Type           Power      Damage    Failure   Level
a - Magic Dart            Conj           100%       1d8       1%          1
b - Searing Ray           Conj           60%        2d6       3%          2

Your spell library contained the following spells:

 Spells                   Type           Power      Damage    Failure   Level
 Shock                    Conj/Air       72%        1d7       5%          1
 Dazzling Flash           Conj/Hex       36%        N/A       17%         3
 Swiftness                Air            6%         N/A       43%         3
 Fulminant Prism          Conj/Hex       9%         3d7       50%         4
 Iskenderun's Mystic Bla  Conj/Tloc      18%        2d6       50%         4
 Airstrike                Air            3%         N/A       83%         4


Dungeon Overview and Level Annotations

Branches:
Dungeon (3/15)

Altars:


Message History

The black bear goes berserk!
An iguana comes into view.
The iguana hisses angrily.
You see here a scroll labelled GISTIA RYNG.
Casting: Searing Ray (safe; 3% risk of failure)
Confirm with . or Enter, or press ? or * to list all spells.
Aiming: Searing Ray (safe; 3% risk of failure)
Press: ? - help, Shift-Dir - straight line, f/p - black bear
Aim: a black bear (severely wounded, berserk, 85% to hit)
The searing ray hits the black bear.
The black bear is almost dead. (Press . to maintain the ray.)
The black bear misses you. The black bear claws you. x2
The black bear barely misses you. The black bear claws you.
The black bear claws you but does no damage.
Casting: Searing Ray (safe; 3% risk of failure)
Confirm with . or Enter, or press ? or * to list all spells.
Restarting spell: Searing Ray (safe; 3% risk of failure)
Press: ? - help, Shift-Dir - straight line, f/p - black bear
Aim: a black bear (almost dead, berserk, 85% to hit)
The searing ray hits the black bear.
The black bear is almost dead. (Press . to maintain the ray.)
A goblin comes into view. It is wielding a +0 club.
The black bear barely misses you. The black bear closely misses you. x2
Casting: Searing Ray (safe; 3% risk of failure)
Confirm with . or Enter, or press ? or * to list all spells.
Restarting spell: Searing Ray (safe; 3% risk of failure)
Press: ? - help, Shift-Dir - straight line, f/p - black bear
Aim: a black bear (almost dead, berserk, 85% to hit)
The searing ray hits the black bear.
The black bear is almost dead. (Press . to maintain the ray.)
The goblin shouts!
The black bear bites you!
* * * LOW HITPOINT WARNING * * *
The black bear claws you.
* * * LOW HITPOINT WARNING * * *
The black bear barely misses you. x2; The black bear claws you.
You die...

..... #. ..# #.....#.
#.# #.....#. #.#
.....#.###### #.#
.....#.#....# #.#
#.....##.# #.#
..####.#..##.#####.#
.g..l..h..##.......#####
..#####@.###.....#<....#
#...##.....#...#.#
##..##.....###.#.#
#†.##...........#
#..##.#######.###
##.##.#######.#
..#†#.......# ##### #..
#.######### #..<#
#.>##..........


You could see a black bear (berserk), an iguana and a goblin.

Vanquished Creatures
  Natasha (D:3)
  4 adders (D:2)
  A worm (D:2)
  3 dart slugs (D:1)
  5 ball pythons
  4 bats
  2 endoplasms (D:1)
  2 giant cockroaches (D:1)
  2 goblins
  8 hobgoblins
  3 quokkas
  5 frilled lizards
  6 kobolds
  A rat (D:2)
47 creatures vanquished.

Notes
Turn   | Place    | Note
-------+----------+-------------------------------------------
     0 | D:1      | Decritt the Deep Elf Conjurer began the quest for the Orb.
     0 | D:1      | Reached XP level 1. HP: 10/10 MP: 6/6
   433 | D:1      | Reached XP level 2. HP: 15/15 MP: 6/8
   557 | D:1      | Found a faded altar of an unknown god.
  1134 | D:2      | Reached XP level 3. HP: 19/19 MP: 1/10
  1529 | D:2      | Reached skill level 5 in Spellcasting
  1529 | D:2      | Reached skill level 5 in Conjurations
  1581 | D:2      | Learned a level 2 spell: Searing Ray
  1637 | D:2      | Reached XP level 4. HP: 24/24 MP: 10/13
  2305 | D:3      | Noticed a bullfrog
  2333 | D:3      | Noticed Natasha
  2337 | D:3      | Killed Natasha
  2338 | D:3      | Reached skill level 1 in Fighting
  2406 | D:3      | Noticed a black bear
  2415 | D:3      | Slain by a black bear

Illustrated notes

Levels and vault maps discovered:
D:1:      minmay_arrival_loop, layout_basic,
          hellmonk_ecumenical_altar_heavens_door
D:2:      layout_loops_ring, grunt_ministairs_3, minmay_domino_2
D:3:      layout_basic, lightli_corner_chamber, uniq_ijyb, uniq_natasha,
          uniq_grinder

Skill      XL: |  1  2  3  4 |
---------------+-------------+-----
Spellcasting   | 4 5 |  5.1
Conjurations   | 5 |  5.0
Fighting       | 1 |  1.4
Dodging        | 3 |  3.0
Stealth        | |  2.4

Action                   |  1- 3 |  4- 6 || total
-------------------------+-------+-------++-------
Melee: Dagger            |     3 |       ||     3
Throw: Dart              |    11 |       ||    11
 Cast: Magic Dart        |    74 |    17 ||    91
       Searing Ray       |       |     9 ||     9
Armor: Robe              |     3 |       ||     3
       Leather armour    |       |     1 ||     1
Dodge: Dodged            |    20 |     9 ||    29

Table legend: (Time is in decaauts)
 A = Elapsed time spent in this place.
 B = Non-inter-level travel time spent in this place.
 C = Inter-level travel time spent in this place.
 D = Time resting spent in this place.
 E = Time spent auto-exploring this place.
 F = Levels seen in this place.
 G = Mean time per level.
                   A        B        C        D        E       F      G
               +--------+--------+--------+--------+--------+-----+--------+
         Total |   2412 |   2361 |     51 |    300 |   1752 |   3 |  804.0 |
       Dungeon |   2412 |   2361 |     51 |    300 |   1752 |   3 |  804.0 |
               +--------+--------+--------+--------+--------+-----+--------+

Top non-repeatable levels by time:
     D:1: 1108 daAuts
     D:2: 1095 daAuts
     D:3: 208 daAuts
